 Dungeon Crawl Stone Soup version 0.31-a0-177-g4aa6249778 (webtiles) character file.

Game seed: 12875247660111742408

35 qw the Shooter (level 3, -5/32 HPs)
             Began as a Naga Hunter on June 18, 2023.
             Slain by Terence
             ... wielding a +0 hand axe
              (6 damage)
             ... on level 2 of the Dungeon.
             The game lasted 00:00:25 (843 turns).

qw the Shooter (Naga Hunter)                         Turns: 843, Time: 00:00:25

Health: -5/32      AC:  2    Str: 12    XL:     3   Next: 35%
Magic:  3/3        EV:  9    Int: 13    God:
Gold:   59         SH:  0    Dex: 13    Spells: 2/2 levels left

rFire   + . .        Y - +0 shortbow
rCold   . . .        (shield currently unavailable)
rNeg    . . .        c - +0 leather armour
rPois   +            (no helmet)
rElec   .            (no cloak)
rCorr   .            (no gloves)
SInv    +            (no barding)
Will    .....        (no amulet)
Stlth   ++           l - ring of protection from fire
HPRegen 0.25/turn    (no ring)
MPRegen 0.08/turn

%: no passive effects
@: short of breath, very slow
A: AC +1, large, see invisible, deformed body, poison resistance, slowness 2,
spit poison 1, naga tail 1, clever 1, clumsy 1
a: Spit Poison


You were on level 2 of the Dungeon.
You visited 1 branch of the dungeon, and saw 2 of its levels.

You collected 59 gold pieces.


Innate Abilities, Weirdness & Mutations

Your serpentine skin is tough. (AC +1)
You have supernaturally acute eyesight. (SInv)
Armour fits poorly on your strangely shaped body.
Your system is resistant to poisons. (rPois)
You cover ground very slowly.
You can spit poison.
You have a snake-like lower body.
Your mind is acute. (Int +4, Str/Dex -1)
You are clumsy. (Dex -2)


   Skills:
 - Level 2.0 Fighting
 + Level 4.6 Ranged Weapons
 - Level 1.5 Dodging
 - Level 1.5 Stealth


You had 2 spell levels left.
You didn't know any spells.
Your spell library was empty.

Inventory:

Hand Weapons
 Y - a +0 shortbow (weapon)
Armour
 c - a +0 leather armour (worn)
Jewellery
 l - a ring of protection from fire (left hand)
Scrolls
 a - a scroll of identify {unknown}
Potions
 g - a potion of curing {unknown}
 h - a potion of mutation
 k - a potion of lignification {unknown}

Dungeon Overview and Level Annotations

Branches:
Dungeon (2/15)

Altars:

Annotations:
D:2 Terence


Message History

Press: ? - help, Shift-Dir - straight line, f/p - Terence The splash of poison hits Terence but does no damage.
Terence is poisoned.
Terence closely misses you.
You shoot an arrow. The arrow completely misses Terence.
Terence closely misses you.
You shoot an arrow. The arrow hits Terence.
Terence is moderately wounded.
Terence hits you but does no damage. Terence hits you with a +0 hand axe.
You shoot an arrow. The arrow barely misses Terence.
Terence hits you with a +0 hand axe.
You shoot an arrow. The arrow barely misses Terence.
The hobgoblin hits you. Terence hits you with a +0 hand axe.
You shoot an arrow. The arrow barely misses Terence.
You have got your breath back.
Terence looks more healthy.
Terence hits you with a +0 hand axe.
The hobgoblin hits you but does no damage.
840 ||| INVOKING Spit Poison.
Aiming: Spit Poison (2% risk of failure)
Press: ? - help, Shift-Dir - straight line, f/p - Terence The splash of poison hits Terence.
Terence is heavily wounded.
A giant cockroach comes into view.
Terence barely misses you. The hobgoblin hits you.
You shoot an arrow.
The arrow hits Terence but does no damage.
Terence is heavily wounded.
Terence says, "Don't bother to defend, it's pointless."
Terence hits you but does no damage. The hobgoblin hits you.
You shoot an arrow. The arrow barely misses Terence.
You have got your breath back.
Terence hits you with a +0 hand axe. The hobgoblin misses you.
843 ||| INVOKING Spit Poison.
Aiming: Spit Poison (2% risk of failure)
Press: ? - help, Shift-Dir - straight line, f/p - Terence The splash of poison hits Terence but does no damage.
Terence is poisoned.
Terence is moderately wounded.
Terence hits you with a +0 hand axe.
You die...

..#############
..#...........# .#
..#.#########.# .#
..#.# #.# .#
..#.####### #.# .#
............#.## .#
.%..#######....##K#
....... .#......#@###.#
.#..####.......g@B....#
.#..# ##.......#.#####
.#... #.#<..<%...#
.#..##............#
.#..# ##.#.......##
.........## ##.....##
##.###


You could see Terence (poisoned), a giant cockroach, a hobgoblin and a kobold.

Vanquished Creatures
  A worm (D:2)
  An endoplasm (D:2)
  A giant cockroach (D:2)
  5 hobgoblins
  4 quokkas
  3 ball pythons
  4 bats
  4 frilled lizards
  2 goblins (D:2)
  3 kobolds
  2 rats
30 creatures vanquished.

Notes
Turn   | Place    | Note
-------+----------+-------------------------------------------
     0 | D:1      | qw the Naga Hunter began the quest for the Orb.
     0 | D:1      | Reached XP level 1. HP: 19/19 MP: 1/1
     0 | D:1      | 0 ||| qw: Version: 0.3-a-5-g6f28e65
     0 | D:1      | 0 ||| qw: Game counter: 586
     0 | D:1      | 0 ||| qw: Always use a shield: true
     0 | D:1      | 0 ||| qw: God list: Okawaru
     0 | D:1      | 0 ||| qw: Allow faded altars: false
     0 | D:1      | 0 ||| qw: Do Orc after D:15 true
     0 | D:1      | 0 ||| qw: Do second Lair branch before Depths: true
     0 | D:1      | 0 ||| qw: Lair rune preference: random
     0 | D:1      | 0 ||| qw: Plans: Normal
     0 | D:1      | 0 ||| PLANNING D:1-11
    28 | D:1      | 28 ||| INVOKING Spit Poison.
    66 | D:1      | 66 ||| INVOKING Spit Poison.
    80 | D:1      | 80 ||| INVOKING Spit Poison.
   155 | D:1      | 155 ||| INVOKING Spit Poison.
   156 | D:1      | Reached skill level 4 in Ranged Weapons
   156 | D:1      | Reached XP level 2. HP: 26/26 MP: 2/2
   173 | D:1      | 173 ||| INVOKING Spit Poison.
   176 | D:1      | 176 ||| INVOKING Spit Poison.
   267 | D:1      | 267 ||| INVOKING Spit Poison.
   305 | D:1      | 305 ||| INVOKING Spit Poison.
   322 | D:1      | 322 ||| INVOKING Spit Poison.
   328 | D:1      | 328 ||| INVOKING Spit Poison.
   333 | D:1      | 333 ||| INVOKING Spit Poison.
   403 | D:1      | 403 ||| UPGRADING to ring of protection from fire.
   404 | D:1      | 404 ||| READING scroll labelled BEARCH VUFOVAOS.
   408 | D:1      | 408 ||| READING scroll labelled MOAGYN ZUGO.
   409 | D:1      | 409 ||| READING scroll labelled ZAPORI HOYSM.
   410 | D:1      | 410 ||| READING 2 scrolls labelled CIRRIC BAKKER.
   411 | D:1      | 411 ||| DRINKING 2 smoky black potions.
   411 | D:1      | Gained mutation: You are clumsy. (Dex -2) [potion of
                  | mutation]
   411 | D:1      | Gained mutation: Your mind is acute. (Int +4, Str/Dex -1)
                  | [potion of mutation]
   412 | D:1      | 412 ||| DRINKING 2 black potions.
   413 | D:1      | 413 ||| DROPPING scroll of butterflies.
   414 | D:1      | 414 ||| DROPPING scroll of noise.
   415 | D:1      | 415 ||| DROPPING potion of attraction.
   441 | D:2      | 441 ||| INVOKING Spit Poison.
   444 | D:2      | 444 ||| INVOKING Spit Poison.
   468 | D:2      | 468 ||| INVOKING Spit Poison.
   474 | D:2      | 474 ||| INVOKING Spit Poison.
   511 | D:2      | 511 ||| INVOKING Spit Poison.
   526 | D:2      | 526 ||| INVOKING Spit Poison.
   539 | D:2      | 539 ||| INVOKING Spit Poison.
   582 | D:2      | 582 ||| INVOKING Spit Poison.
   588 | D:2      | 588 ||| INVOKING Spit Poison.
   609 | D:2      | 609 ||| INVOKING Spit Poison.
   610 | D:2      | Reached XP level 3. HP: 32/32 MP: 3/3
   615 | D:2      | 615 ||| INVOKING Spit Poison.
   661 | D:2      | 661 ||| INVOKING Spit Poison.
   665 | D:2      | 665 ||| INVOKING Spit Poison.
   727 | D:2      | 727 ||| INVOKING Spit Poison.
   800 | D:2      | 800 ||| INVOKING Spit Poison.
   828 | D:2      | 828 ||| INVOKING Spit Poison.
   831 | D:2      | Noticed Terence
   834 | D:2      | 834 ||| INVOKING Spit Poison.
   839 | D:2      | HP: 8/32 [Terence/+0 hand axe (5)]
   840 | D:2      | 840 ||| INVOKING Spit Poison.
   841 | D:2      | HP: 3/32 [hobgoblin (3)]
   842 | D:2      | HP: 1/32 [Terence/+0 hand axe (2)]
   843 | D:2      | 843 ||| INVOKING Spit Poison.
   843 | D:2      | Slain by Terence

Levels and vault maps discovered:
D:1:      minmay_arrival_solitary_statue, layout_rooms
D:2:      layout_loops_ring, grunt_decor_fettered, corexii_leaking_fountain,
          uniq_terence

Skill      XL: |  1 |
---------------+----+-----
Ranged Weapons | 4 |  4.6
Fighting       | |  2.0
Dodging        | |  1.5
Stealth        | |  1.5

Action                     || total
---------------------------++-------
   Fire: Shortbow          ||    65
Ability: Spit Poison       ||    30
    Use: Scroll            ||     4
         Potion            ||     2
 Armour: Leather armour    ||    12
  Dodge: Dodged            ||    18

Table legend:
 A = Non-vault XP
 B = Vault XP
 C = Vault XP percentage of total XP
 D = Non-vault monster count
 E = Vault monster count
 F = Vault count percentage of total count
                 A         B        C        D         E       F
            +---------+---------+-------+---------+---------+-------
      Total |      51 |       0 |   0.0 |      30 |       0 |   0.0
            +---------+---------+-------+---------+---------+-------
        D:1 |      17 |       0 |   0.0 |      12 |       0 |   0.0
        D:2 |      34 |       0 |   0.0 |      18 |       0 |   0.0
            +---------+---------+-------+---------+---------+-------
